[Event "87th Tata Steel Masters 2025"]
[Site "Wijk aan Zee"]
[Date "2025.01.25"]
[Round "7.1"]
[White "Wei, Yi"]
[Black "Mendonca, Leon Luke"]
[Result "1/2-1/2"]
[ECO "C77"]
[WhiteElo "2751"]
[BlackElo "2639"]
[Annotator "Stockfish 17 - Chessbase"]
[PlyCount "80"]
[EventDate "2025.??.??"]
[TimeControl "60"]

1. e4 e5 2. Nf3 Nc6 3. Bb5 a6 4. Ba4 Nf6 5. Nc3 b5 6. Bb3 Be7 7. d3 d6 8. a3 O-O 9. O-O $1 {[%eval 19,0] [%emt 0:00:00] 9.0-0 scores better than 9.Nd5.} h6 {[%eval 31,0] [%emt 0:00:00] C77: Ruy Lopez: 3...a6 4 Ba4 Nf6, unusual lines.} (9... Rb8 10. h3 h6 11. Be3 Re8 12. Nd2 Be6 13. Bxe6 fxe6 14. Ne2 d5 15. c3 Qd7 16. Qc2 Rbd8 17. Rad1 Bd6 18. d4 exd4 19. cxd4 dxe4 20. Nxe4 Nxe4 21. Qxe4 Ne7 22. Nf4 Nf5 23. Nd3 a5 24. Rfe1 {Petrosyan,M (2625)-Deac,B (2680) Jermuk ARM 2024 ½-½ (40)}) (9... Bb7 10. Bg5 Nd7 11. Qd2 Nd4 12. Bxe7 Nxf3+ 13. gxf3 Qxe7 14. Nd5 Bxd5 15. Bxd5 Rad8 16. f4 Qh4 17. fxe5 dxe5 18. f4 Nf6 19. Bb3 Nxe4 20. Qg2 Nc5 21. Ba2 exf4 22. Rae1 Kh8 23. Re5 Na4 24. Rf5 {Postnikov,A (2187)-Rodriguez Rivero,J (2144) chess.com INT 2024 1-0 (62)}) 10. Be3 Be6 11. Nd5 $146 (11. Rc1 Qd7 12. d4 exd4 13. Bxd4 Bg4 14. Be3 Rad8 15. h3 Bh5 16. Bf4 Rfe8 17. Re1 Bf8 18. Qd3 Bxf3 19. Qxf3 Nd4 20. Qd3 c5 21. Bd5 Ne6 22. Bg3 c4 23. Qd2 Nc5 24. f3 Be7 25. Rcd1 Nh5 {Beerdsen,T (2196)-Majhi,A (2128) Rotterdam 2014 ½-½ (39)}) 11... Qd7 {[%eval 31,0] [%emt 0:00:00] White is slightly better.} 12. Rc1 $146 (12. h3 Bd8 13. c4 bxc4 14. Nxf6+ Bxf6 15. Ba4 d5 16. exd5 Qxd5 17. dxc4 Qxd1 18. Rfxd1 {½-½ Le,Q (2709)-Caruana,F (2835) Chess24 Banter Blitz Cup Final 2020 (2.2)}) 12... Bd8 13. c4 Na5 14. Ba2 bxc4 15. Nxf6+ Bxf6 16. dxc4 c5 17. b4 cxb4 18. axb4 Nc6 19. Rb1 Rfc8 20. Qa4 Qb7 21. Rfd1 Be7 22. h3 Rcb8 23. Bd2 Rc8 24. Be3 Rcb8 25. Bd2 Rc8 26. Qc2 Qc7 27. Rdc1 a5 28. b5 Nb4 29. Bxb4 axb4 30. Rxb4 Qc5 $6 {[%eval 63,0] Inaccuracy. Bd8 was best.} (30... Bd8) 31. Ra4 $6 {[%eval 0,0] Inaccuracy. Rb2 was best.} (31. Rbb1 $14) (31. Rb2 Bd8) 31... Bd8 32. Rxa8 Rxa8 33. Bb3 Bb6 34. Rb1 Rc8 35. Rc1 Ra8 {[%eval 11,0] The position is equal.} 36. Ne1 Ra3 {[%eval 19,0][%cal Ya3b3] [#] ...Rxb3! is the strong threat.} 37. Rb1 Qd4 38. Nf3 Qc5 39. Ne1 Qd4 40. Nf3 Qc5 {[%eval 0,0] Weighted Error Value: White=0.11 (very precise) /Black=0.10 (very precise) Mistake: 	White=1 	--- Inaccurate: 	White=3 	Black=2 OK: 	White=8 	Black=15 Best: 	--- 	Black=1 Precisão Stockfish 17: Brancas 96% Pretas 96% Precisão Chess.com: Branas 97.1% Pretas 97.3%} 1/2-1/2

[Event "87th Tata Steel Masters 2025"]
[Site "Wijk aan Zee"]
[Date "2025.01.25"]
[Round "7.2"]
[White "Caruana, Fabiano"]
[Black "Sarana, Alexey"]
[Result "1/2-1/2"]
[ECO "E05"]
[WhiteElo "2803"]
[BlackElo "2677"]
[Annotator "Stockfish 17 - Chessbase"]
[PlyCount "121"]
[EventDate "2025.??.??"]
[TimeControl "60"]

1. c4 e6 2. g3 Nf6 3. Bg2 d5 4. Nf3 Be7 5. O-O O-O 6. d4 dxc4 7. Qc2 a6 8. a4 Bd7 9. Qxc4 Bc6 10. Bg5 Nbd7 11. Nc3 h6 12. Bf4 {[%eval 7,0] [%emt 0:00:00] E05: Open Catalan: 5 Nf3 Be7.} Bd6 13. Qd3 (13. Ne5 Bxg2 14. Kxg2 Nb6 15. Qb3 a5 16. Rfd1 Nfd5 17. Nxd5 exd5 18. Nd3 Bxf4 19. Nxf4 c6 20. Rac1 Rb8 21. h4 Re8 22. e3 Nc4 23. Qc2 Nd6 24. Rb1 Ra8 25. b4 axb4 26. Rxb4 Qd7 27. Rdb1 Re7 {Vachier Lagrave,M (2804)-Dominguez Perez,L (2739) Doha 2016 ½-½ (48)}) (13. Be5 Bxf3 14. Bxf6 Nxf6 15. Bxf3 c6 16. e4 e5 17. Rfd1 Qb6 18. d5 Rac8 19. dxc6 Rxc6 20. Qe2 Qb3 21. Rd3 Qc4 22. Rad1 Bb4 23. Nd5 Nxd5 24. exd5 Rf6 25. Qxe5 Qc2 26. Qe2 Qxa4 27. d6 Re6 {Mena,M (1971)-Papp,B (2278) chess.com INT 2024 1-0 (73)}) 13... Bxf4 14. gxf4 {[%eval 11,0] [%emt 0:00:00][%cal Yg3f4,Yf4e5][%mdl 32] The position is equal.} a5 15. Kh1 Ra6 $146 (15... Bxf3 16. Bxf3 c6 17. Rg1 Kh8 18. e4 Qe7 19. Rg3 Rad8 20. Rag1 Rg8 21. e5 Nh7 22. Qe3 Nb6 23. Be4 Qb4 24. Bxh7 Kxh7 25. Ne4 Qe7 26. f5 {1-0 (26) Abasov,N (2632)-Caruana,F (2782) Baku AZE 2023}) 16. Rg1 Rb6 17. Ne5 Nxe5 18. fxe5 Ng4 {[%eval 8,0] [%emt 0:00:00][%cal Rg4f2] [#]} 19. Qg3 {[%eval 78,0] And now Bxc6 would win.} Qxd4 20. Bxc6 Nxf2+ 21. Kg2 bxc6 22. Qxf2 Qxe5 (22... Qxf2+ 23. Kxf2 Rxb2 24. Rg4 $18 (24. Ne4 Rd8 $16)) 23. e4 Rfb8 24. Rab1 Rb3 {[%eval 71,0] [#] Threatens to win with ...Rxc3.} 25. Qc2 c5 26. Kh1 R3b4 27. Rg3 c6 28. Qg2 Kh8 29. Rf3 Kg8 30. Rf2 R8b7 31. Rg1 Kh7 32. Re1 Qg5 33. Ree2 Qe5 34. Re3 Qg5 35. Rg3 Qe5 36. Rgf3 Kg8 37. Rd2 Rd4 38. Re2 Rbd7 39. Ref2 Rd3 40. Rxd3 Rxd3 41. Qf1 Rd7 42. Qe2 (42. Qa6 {is more complex.} Qg5 43. Qc8+ Rd8 44. Qc7) 42... Rd4 43. Qf3 Rd7 44. Kg2 f6 45. Qg3 Qxg3+ 46. hxg3 $14 {[%eval 2,0][%cal Ye4e5][%mdl 4096] Endgame KRN-KR} e5 47. Rc2 Rd4 48. Kf3 Kf7 49. Rc1 h5 50. Nd1 Rxa4 51. Ne3 Rb4 52. Rxc5 Rxb2 53. Rxa5 Rb7 54. Ra8 Rc7 55. Rh8 Kg6 56. Nc4 c5 57. Rd8 Kg5 58. Rd1 Rb7 59. Rc1 g6 60. Ne3 Rb5 61. Nc4 {[%eval 0,0] Weighted Error Value: White=0.07 (flawless) /Black=0.07 (flawless) Inaccurate: 	White=2 	Black=3 OK: 	White=13 	Black=18 Best: 	White=2 	Black=4 Precisão Stockfish 17: Brancas 99% Pretas 98% Precisão Chess.com: Branas 97.6% Pretas 97.4%} 1/2-1/2

[Event "87th Tata Steel Masters 2025"]
[Site "Wijk aan Zee"]
[Date "2025.01.25"]
[Round "7.3"]
[White "Van Foreest, Jorden"]
[Black "Praggnanandhaa, Rameshbabu"]
[Result "1/2-1/2"]
[ECO "B30"]
[WhiteElo "2680"]
[BlackElo "2741"]
[Annotator "Stockfish 17 - Chessbase"]
[PlyCount "71"]
[EventDate "2025.??.??"]
[TimeControl "60"]

1. e4 c5 2. Nf3 Nc6 3. Nc3 Nf6 4. Bb5 g6 5. e5 Nh5 6. O-O {[%eval 41,0] [%emt 0:00:00] B30: Sicilian: 2...Nc6 3 Bb5, lines without ...g6.} Bg7 7. Re1 Nd4 8. d3 {[%eval 81,0] [%emt 0:00:00] [#] White is slightly better.} O-O 9. g4 d5 10. h3 a6 11. Ba4 {[%eval 82,0] [%emt 0:00:00] A sharp opening} Ne6 12. gxh5 {[%eval 86,0] [%emt 0:00:00] [#] and Bb3 should not be overlooked} b5 $1 13. Bb3 $146 (13. h6 Bh8 14. Nxb5 axb5 15. Bxb5 Bb7 16. d4 f6 17. c3 Qb6 18. exf6 Qxb5 19. Rxe6 Bxf6 20. Re1 Qd7 21. Ne5 Bxe5 22. Rxe5 Qxh3 23. Be3 Rf5 24. Rxf5 Qxf5 25. Qf1 e5 26. Qg2 exd4 27. cxd4 Re8 {Babiarz,A (2193)-Hulka,V (2311) Krakow POL 2024 ½-½ (50)}) 13... c4 14. h6 (14. d4 $5) 14... Bh8 15. dxc4 $146 (15. d4 Qd7 16. Nh2 f6 17. f4 fxe5 18. fxe5 cxb3 19. axb3 b4 20. Na4 Qc6 21. Ng4 {½-½ Kulaots,K (2525)-Stremavicius,T (2544) Oslo Kvisla 2023 (5)}) 15... dxc4 16. Qxd8 Rxd8 17. Bxc4 bxc4 18. Be3 Bb7 19. Ng5 Bxe5 20. Nxe6 fxe6 21. Bg5 Bxc3 22. bxc3 Kf7 {[%eval 32,0] [%emt 0:00:00] Opposite bishops and equal position} 23. Rab1 Bd5 24. Rb6 Rdb8 25. Reb1 Rxb6 26. Rxb6 {[%eval 21,0] [%emt 0:00:00][%mdl 4096] Endgame KRB-KRB} Ke8 27. Kf1 Kd7 28. Ke2 Kc7 29. Rb2 Kc8 (29... Kd6) 30. Ke3 Rb8 (30... Kd7 $14) 31. Rxb8+ $16 {[%eval 3,0] White is better.} Kxb8 32. Kd4 Kc7 33. Bxe7 Kc6 34. h4 {[%eval 21,0] White is more active.} Bg2 35. a3 Bf1 36. Bb4 {[%eval 28,0] Weighted Error Value: White=0.04 (flawless) /Black=0.07 (flawless) Mistake: 	--- 	Black=2 OK: 	White=19 	Black=10 Best: 	White=1 	Black=3 Strong: 	--- 	Black=1 Precisão Stockfish 17: Brancas 98% Pretas 99% Precisão Chess.com: Branas 98.7% Pretas 99.2%} 1/2-1/2

[Event "87th Tata Steel Masters 2025"]
[Site "Wijk aan Zee"]
[Date "2025.01.25"]
[Round "7.4"]
[White "Giri, Anish"]
[Black "Abdusattorov, Nodirbek"]
[Result "1/2-1/2"]
[ECO "A29"]
[WhiteElo "2731"]
[BlackElo "2768"]
[Annotator "Stockfish 17 - Chessbase"]
[PlyCount "61"]
[EventDate "2025.??.??"]
[TimeControl "60"]

1. c4 e5 2. g3 Nf6 3. Bg2 d5 4. cxd5 Nxd5 5. Nf3 Nc6 6. O-O Nb6 7. Nc3 Be7 8. Rb1 O-O 9. b4 {[%eval 25,0] [%emt 0:00:00] The position is equal.} f6 {[%eval 4,0] [%emt 0:00:00] has lost popularity (9...a6). A29: English Opening: Four Knights Variation with 4 g3.} (9... Bxb4 $6 10. Nxe5 Nxe5 11. Rxb4 $16) 10. d3 Be6 11. b5 Nd4 12. Nd2 c6 13. bxc6 Nxc6 14. Nc4 $146 (14. Nf3 Qd7 15. Be3 Nd5 16. Nxd5 Bxd5 17. Qa4 (17. a4 Rac8 18. Rb5 Bf7 19. Qb1 {½-½ (19) Movsesian,S (2709)-Ragger,M (2572) Rijeka 2010}) 17... b6 18. Rfc1 Rac8 19. Nd2 Bxg2 20. Kxg2 Qd5+ 21. f3 Rfd8 22. Qc4 Qxc4 23. Nxc4 Nd4 24. Bxd4 Rxd4 25. a4 Rd5 26. Rc3 Rdc5 27. Rcb3 R8c7 28. Rb5 Rxb5 {Saldano Dayer,H (2451)-Fernandez Barrera,V (2204) Albacete 2007 ½-½ (78)}) 14... Nxc4 15. dxc4 Qxd1 16. Rxd1 Rab8 17. Nd5 Kf7 18. Be3 Rfd8 19. f4 exf4 20. gxf4 Bf5 21. Rb5 a6 22. Rb6 Na5 23. Rc1 {[%eval 32,0] [%emt 0:00:00] Black should prevent Nxe7.} Bf8 24. Bf2 Re8 25. Bf3 Rbc8 {[%eval 45,0][%cal Yf5e4] Repels Nc7} 26. c5 Kg8 {[%eval 35,0] Black is weak on the dark squares} 27. Kg2 Be4 $1 28. h4 h5 29. Kg3 f5 30. Nb4 Bxf3 31. Kxf3 {[%eval 3,0] An interesting draw. Weighted Error Value: White=0.05 (flawless) /Black=0.04 (flawless) OK: 	White=10 	Black=10 Best: 	--- 	Black=2 Strong: 	--- 	Black=1 Precisão Stockfish 17: Brancas 97% Pretas 98% Precisão Chess.com: Branas 97.9% Pretas 98.1%} 1/2-1/2

[Event "87th Tata Steel Masters 2025"]
[Site "Wijk aan Zee"]
[Date "2025.01.25"]
[Round "7.5"]
[White "Gukesh, Dommaraju"]
[Black "Harikrishna, Pentala"]
[Result "1-0"]
[ECO "C02"]
[WhiteElo "2777"]
[BlackElo "2695"]
[Annotator "Stockfish 17 - Chessbase"]
[PlyCount "92"]
[EventDate "2025.??.??"]
[TimeControl "60"]

1. e4 e6 2. d4 d5 3. e5 c5 4. c3 Nc6 5. Nf3 Bd7 6. Be2 Nge7 7. O-O cxd4 8. cxd4 Nf5 9. Nc3 a6 {[%eval 34,0] [%emt 0:00:00] C02: French: Advance Variation.} 10. Kh1 Rc8 11. Rb1 $5 {[%eval 13,0] [%emt 0:00:00][%mdl 4] Leaves trodden paths.} (11. a3 Be7 12. Bd3 Nfxd4 13. Nxd4 Nxd4 14. Qg4 Nb3 15. Qxg7 Rf8 16. Rb1 Nxc1 17. Rfxc1 Qb6 18. Qg3 h5 19. f4 h4 20. Qf3 Qd4 21. Rd1 h3 22. g3 Qb6 23. Ne2 Kd8 24. f5 Kc7 25. f6 Bc5 {Aronian,L (2729)-Kramnik,V (2753) chess.com INT 2024 ½-½ (68)}) 11... Qb6 $146 (11... b5 12. g4 Nh4 13. Bg5 Be7 14. Be3 Nxf3 15. Bxf3 O-O 16. Be2 f6 17. exf6 Bxf6 18. Qd2 {1-0 Sjugirov,S (2705)-Mekhitarian,K (2559) Titled Tuesday intern op 17th Oct Late blitz 2023 (10)}) (11... Be7 12. g4 Nh4 13. Nxh4 Bxh4 14. f4 Be7 15. Be3 Na5 16. f5 Nc4 17. Bxc4 Rxc4 18. Qf3 Qa5 19. a3 Kd8 20. fxe6 Bxe6 21. Ne2 Kd7 22. Nf4 Rf8 23. Rf2 Qb5 24. Rbf1 Rcc8 25. Qd1 h6 26. h3 {Sjugirov,S (2689)-Velten,P (2481) Orosei ITA 2024 0-1 (59)}) (11... Bb4 12. Bd3 O-O 13. Bxf5 exf5 14. Nxd5 Be6 15. Nc3 Qa5 16. d5 Bxc3 17. dxe6 Bxe5 18. exf7+ Rxf7 19. Ng5 Qxa2 20. Nxf7 Qxf7 21. Be3 Rd8 22. Qf3 Rd5 23. Rfd1 Rb5 24. b4 h6 25. Bc5 Kh7 26. h3 {Nasuta,G (2547)-Meier,G (2608) chess.com INT 2024 1-0 (34)}) 12. g4 Nfe7 $6 {[%eval 69,0] [%emt 0:00:00][%cal Yc6e5] Inaccuracy. Ncxd4 was best.} (12... Nfxd4 $2 13. Be3 $18) (12... Ncxd4 13. gxf5 Nxf3 14. Bxf3 Rxc3 15. Be3 Rxe3 16. fxe3 Qxe3 17. Rc1 Be7 18. Rc7) 13. Be3 h5 14. g5 Nf5 {[%eval 96,0] [%emt 0:00:00] [#]} (14... Qa7 {should be considered.}) 15. g6 $1 $14 f6 16. exf6 gxf6 17. Bd3 Nce7 18. Rg1 Bg7 19. Na4 $6 {[%eval 25,0] Inaccuracy. Bf4 was best.} (19. Bf4 h4 20. h3 Qa7 21. Rg2 Rc6 22. Ne2 Qb6 23. Qd2 Kd8 24. Re1) 19... Qd6 $6 {[%eval 83,0] Inaccuracy. Qb4 was best.} (19... Qb4 20. Nc5) 20. b4 b6 {[%eval 26,0] Prevents Nc5.} 21. b5 (21. Bd2) 21... axb5 (21... Nxe3 $15 22. fxe3 a5) 22. Bxb5 Bxb5 23. Rxb5 Nxe3 24. fxe3 Rc6 25. Qb3 O-O 26. Nxb6 {[%eval 59,0] White is more active.} Bh6 27. Na4 $6 {[%eval 23,0] Inaccuracy. Re1 was best.} (27. Nd2 $16) (27. Re1 Kh8 28. Na4 Rg8 29. Nc5 Nf5 30. Rg1 Bxe3 31. Rb7 Rg7 32. Rb8+ Rg8) 27... Nf5 28. Rc5 $1 {[%eval 37,0] [#]} Rxc5 {[%eval 69,0] White now steadily converts the win.} (28... Bxe3 $2 29. Qb7 Qe7 (29... Rxc5 30. Qh7#) (29... Ne7 $2 30. Rxc6 Rb8 31. Rxd6 $18) 30. Qxc6 $18) (28... Rfc8 $14) 29. Nxc5 $40 {[%eval 118,0][%mdl 128] White goes for the king.} (29. dxc5 Qb8) 29... Nxe3 $4 {[%eval 446,0][%mdl 8192] Blunder. Rb8 was best.} (29... Bxe3 $16 30. Qb7 Qe7 31. Qxe7 Nxe7) (29... Rb8 30. Qa4) 30. Qb7 $18 Bg7 31. Re1 Nf5 32. Nxe6 {[%eval 457,0] Excellent horsemanship.} Rb8 33. Qf7+ Kh8 34. Nxg7 Nxg7 35. Re7 Rg8 36. Rd7 Qb6 37. Rxd5 Qb1+ 38. Kg2 f5 39. Rc5 {[%eval 326,0] Repels Qc2+} Qb2+ 40. Kf1 Qa1+ 41. Kf2 Qb2+ 42. Kg3 {[%eval 365,0] Qf6 would now be deadly.} h4+ $2 (42... Qb8+ 43. Qc7 Rd8) 43. Kf4 $1 (43. Kxh4 $2 Qf2+ 44. Kg5 Qe3+ (44... Qxf3 $2 45. Qxg8+ Kxg8 46. Rc8+ $19) 45. Kf6 Ne8+ $19 (45... Qxf3 46. Qxg8+ Kxg8 47. Rc8+)) (43. Nxh4 Qe2 44. Rxf5 (44. Nxf5 Nxf5+ 45. Rxf5 Rxg6+ 46. Qxg6 Qg2+ 47. Kxg2) 44... Nxf5+ 45. Qxf5 (45. Nxf5 Rxg6+ 46. Qxg6 Qg2+ 47. Kxg2) 45... Qe3+ 46. Qf3 (46. Nf3 Rxg6+ 47. Qxg6 Qg1+ 48. Nxg1) 46... Qg5+ (46... Qg1+ 47. Kh3 $16) 47. Kh3 Re8) 43... Qb8+ 44. Re5 Qd6 {[%eval 603,0] Repels Qf6} 45. Kg5 {[%eval 579,0][%cal Yg5h6] Kh6! would kill now.} (45. Nxh4 $2 {is the wrong capture.} Qxd4+ 46. Kf3 Qxe5 $19) 45... Qb8 $6 {[%eval 800,0] Inaccuracy. Rf8 was best.} (45... Rf8 46. Qe7 Qxe7+ 47. Rxe7 f4 48. Rf7 Kg8 49. Rxf8+ Kxf8 50. Kxf4 Nh5+ 51. Kg5) 46. Kf4 $6 {[%eval 489,0] Inaccuracy. Kh6 was best.} (46. Re7 h3 47. Qxf5 Qc8 48. Qf4 (48. Qxc8 Rxc8 49. Ne5 Rf8 $18) 48... Ne6+ 49. Rxe6 Qd8+ 50. Kh5 (50. Qf6+ Qxf6+ 51. Rxf6 Rg7 52. Rf8+ Rg8 53. Rxg8+ Kxg8 54. Kf6 Kf8 55. g7+ Kg8) 50... Rg7 51. Qe5) (46. Kh6 Qf8 47. Re7 Ne8+ 48. Qxf8 Rxf8 49. Nxh4 Kg8 50. Nxf5 Rxf5 51. Rxe8+ Rf8) 46... Qd6 $1 {[%eval 508,0] Weighted Error Value: White=0.53/Black=0.89 Loses game: 	--- 	Black=1 Mistake: 	White=2 	Black=4 Inaccurate: 	White=1 	Black=2 OK: 	White=8 	Black=10 Best: 	White=5 	Black=3 Strong: 	White=2 	--- Brilliant: 	White=1 	--- Precisão Stockfish 17: Brancas 96% Pretas 91% Precisão Chess.com: Branas 93.2% Pretas 86.8%} 1-0

[Event "87th Tata Steel Masters 2025"]
[Site "Wijk aan Zee"]
[Date "2025.01.25"]
[Round "7.6"]
[White "Fedoseev, Vladimir"]
[Black "Keymer, Vincent"]
[Result "1-0"]
[ECO "D43"]
[WhiteElo "2717"]
[BlackElo "2733"]
[Annotator "Stockfish 17 - Chessbase"]
[PlyCount "101"]
[EventDate "2025.??.??"]
[TimeControl "60"]

1. d4 Nf6 2. c4 e6 3. Nf3 d5 4. Nc3 c6 5. Bg5 h6 6. Bxf6 Qxf6 7. e3 Nd7 8. Be2 $1 {[%eval 24,0] [%emt 0:00:00][%mdl 4] is more profitable than 8.Bd3 at the moment.} Qe7 {[%eval 35,0] [%emt 0:00:00] D43: Semi-Slav: 5 Bg5 h6.} (8... Qd8 9. O-O Be7 10. Qc2 O-O 11. a3 b6 12. Rfd1 Bb7 13. Rac1 Qb8 14. cxd5 cxd5 15. Qa4 Nf6 16. Ba6 Bxa6 17. Qxa6 Qc8 18. Qxc8 Rfxc8 19. Ne5 Bd6 20. Nd3 Ne8 21. Kf1 Kf8 22. Ke2 Ke7 23. h3 {Kramnik,V (2801)-Aronian,L (2820) Zuerich 2012 ½-½ (43)}) (8... Bb4 9. O-O O-O 10. Qc2 Bxc3 11. Qxc3 dxc4 12. Rfd1 c5 13. Bxc4 a6 14. Qa3 b6 15. Bb5 Rd8 16. Bc6 Ra7 17. dxc5 Nxc5 18. Qb4 Nd7 19. Qd6 Rf8 20. Rd2 Nc5 21. Rad1 Qe7 22. b4 Qxd6 23. Rxd6 {Dubov,D (2683)-Yu,Y (2726) Wijk aan Zee 2020 1-0 (31)}) 9. c5 $146 (9. O-O g6 10. c5 Bg7 11. e4 O-O 12. Rc1 a5 13. Re1 b6 14. exd5 exd5 15. Bf1 Qd8 16. cxb6 Nxb6 {½-½ Grau Ribas,J (1927)-Van Hattum,L EU-ch SC-OR/496 email 2022}) (9. a3 g6 10. O-O Bg7 11. e4 dxc4 12. e5 O-O 13. Bxc4 c5 14. Re1 cxd4 15. Qxd4 Nb6 16. Ba2 Bd7 17. Qf4 Bc6 18. Nd4 Rac8 19. Rad1 Rfd8 20. Qg3 {½-½ (20) Jagdhuber,R (1912)-Leckner,H (1870) Bayern 2012}) 9... g5 10. b4 Bg7 {[%eval 38,0] [%emt 0:00:00] The position is equal.} 11. Rc1 O-O 12. b5 g4 13. Nd2 e5 14. Nb3 exd4 15. Nxd4 Ne5 (15... Qxc5 $6 16. Bxg4 Bxd4 17. exd4 Qe7+ 18. Ne2 $14) 16. O-O Qxc5 17. bxc6 {[%eval 1,0] White sacrificed a pawn} bxc6 {[%eval 0,0] [#]} 18. Ncb5 $1 {[%eval 0,0] Inhibits Qd6.} Qb6 19. Nd6 {[%eval 11,0][%mdl 1024] White has compensation.} Bd7 20. N4f5 {[%eval 41,0] A dynamic duo of knights.} h5 21. f3 (21. Kh1 $14) 21... Rfb8 $1 22. Kh1 Bf8 (22... Bxf5 23. Nxf5 Re8 24. fxg4 $16) 23. f4 Ng6 {[%eval 15,0] ...Bxd6 would now be deadly.} 24. e4 $1 Qb4 (24... Bxd6 25. Nxd6 Qb2) 25. e5 $1 $16 Qa3 (25... Qb2 $16 {is a better defense.}) 26. Ng3 $1 $18 Bxd6 (26... Qxa2 $2 27. Nxh5 Bxd6 28. Nf6+ (28. exd6 Qb2 $18) 28... Kh8 29. Nxd7 $18 (29. exd6 Bf5 $18)) 27. exd6 Qxd6 28. Nxh5 Rb4 29. Bxg4 (29. Qd2 $1 $18) 29... f5 $16 30. Bf3 Rf8 31. a3 Rb7 32. Re1 {[%eval 100,0][%cal Yf1e1,Ye1e3,Ye3g3,Yg3g5][%mdl 32] Wards off Be8} Rf7 (32... Nxf4 $2 33. Nxf4 Qxf4 34. Bxd5+ Kg7 35. Bc4 $18 (35. Bxc6 Rh8 $18)) 33. Qd4 {[%eval 83,0] Prevents Nxf4.} Nf8 $6 {[%eval 166,0] Inaccuracy. Rb3 was best.} (33... Rb3 34. Rb1 Rxb1 35. Rxb1 Be8 36. h3 Nh4 37. Rg1 Kh7 38. Qf2 Ng6 39. Re1) 34. Re3 {[%eval 159,0] White is much more active.} Nh7 $2 (34... Rb5 $16 35. h3 (35. Qxa7 Ne6 $16) 35... Rb8) 35. Be2 (35. Bxd5 cxd5 36. Rg3+ Kf8 37. Qh8+ Ke7 38. Re1+ Be6 39. Rg7 (39. Ng7 Nf8 $18)) 35... Nf6 $18 36. Rg3+ $1 {[%eval 224,0] White attacks} Kh7 {[%eval 219,0] [#]} 37. Rg5 $1 c5 {[%eval 201,0][%cal Yc6c5,Yc5c4][%mdl 32] [#]} 38. Nxf6+ $6 {[%eval 111,0] Inaccuracy. Qf2 was best.} (38. Qxc5 $2 Qxc5 39. Nxf6+ Rxf6 $19) (38. Qf2 Ne4 39. Qh4 Qh6 40. h3 d4 41. Bc4 Be8 42. Bd3 Rbc7 43. Rb1 Rf8) 38... Rxf6 $14 39. Qe3 (39. Qxc5 $2 Qxc5 40. Rg1 Rh6 $19 (40... Qxa3 $2 41. Bf3 $19)) 39... Rb8 $6 {[%eval 232,0] Inaccuracy. Rg6 was best.} (39... Rg6 40. Rxg6 Kxg6 41. h3 c4 42. Qd4 Qe6 43. Re1 Kh7 44. Qf2 Qf6 45. Bf3) 40. Bd3 $18 (40. Rxc5 Qe6 41. Qg1 Qxe2 $17) (40. Qxc5 $2 {too greedy.} Qxc5 41. Rh5+ Rh6 42. Rxh6+ Kxh6 $19) 40... c4 41. Qh3+ Rh6 42. Bxf5+ Bxf5 43. Qxf5+ Kh8 44. h3 (44. Qxd5 Qxf4 45. Qe5+ (45. Qxc4 $2 Qxh2#) 45... Qxe5 46. Rxe5 Rc6) 44... Rd8 (44... Qe6 45. Qxe6 (45. Qxd5 Rxh3+ 46. gxh3 Qxh3+ 47. Kg1 Qe3+ 48. Kh1 Qh3+ 49. Kg1 Qe3+ 50. Kh1 Qh3+) 45... Rxe6 46. Rh5+ (46. Rxd5 Rc6 $18) 46... Kg7 47. Rxd5 Rc6 48. Rg5+ Kf7) 45. Rd1 $40 {[%eval 307,0][%mdl 128] White attacks with force.} d4 46. Qf7 Rh7 {[%eval 396,0] Repels Qg7+} 47. Qxc4 Qxf4 48. Qc5 Qe4 $6 {[%eval 476,0] Inaccuracy. Qd6 was best. [#]} (48... Rh6 49. Rd3 Re8 (49... Qf1+ $2 50. Kh2 $18) 50. Qxd4+ Qxd4 51. Rxd4 Re7) (48... Qd6 49. Qf5) 49. Rd3 $1 {[%eval 466,0][%mdl 512] Black must now prevent Rdg3.} a6 $6 {[%eval 641,0] Inaccuracy. Qe7 was best.} (49... Qe1+ 50. Kh2) (49... Qe7 50. Rxd4 Re8 51. Qxe7 Rhxe7 52. Rh4+ Rh7 53. Rxh7+ Kxh7 54. Ra5 Kg6 55. Rxa7) 50. Rdg3 Qf4 $4 {[%eval 32754,0] Checkmate is now unavoidable. Qb1+ was best.} (50... Qb1+ 51. Kh2 Qb8 52. Qf5 Qd6 53. Rh5 Qxg3+ 54. Kxg3 Rg8+ 55. Kf4 Rxh5 56. Qxh5+) 51. Rf3 {[%eval 32756,0] Weighted Error Value: White=0.14 (very precise) /Black=0.51 Loses game: 	--- 	Black=1 Mistake: 	White=4 	Black=6 Inaccurate: 	White=2 	Black=3 OK: 	White=16 	Black=15 Best: 	White=2 	Black=5 Strong: 	White=4 	Black=1 Brilliant: 	White=2 	--- Precisão Stockfish 17: Brancas 97% Pretas 92% Precisão Chess.com: Branas 93.8% Pretas 85.1%} 1-0